 Dungeon Crawl Stone Soup version 0.30.0-10-gfe55d96785 (webtiles) character file.

Game seed: 6269590846331248562

73 avis the Chopper (level 4, 0/39 HPs)
             Began as a Hill Orc Monk on May 14, 2023.
             Slain by a water moccasin (4 damage)
             ... on level 3 of the Dungeon.
             The game lasted 00:07:06 (1650 turns).

avis the Chopper (Hill Orc Monk)                    Turns: 1650, Time: 00:07:07

Health: 0/39       AC:  2    Str: 15    XL:     4   Next: 27%
Magic:  4/4        EV: 12    Int: 10    God:
Gold:   62         SH:  0    Dex: 13    Spells: 3/3 levels left

rFire   . . .        a - +0 hand axe
rCold   . . .        d - orb {light}
rNeg    . . .        p - +0 robe
rPois   .            (no helmet)
rElec   .            (no cloak)
rCorr   .            (no gloves)
SInv    .            (no boots)
Will    .....        (no amulet)
Stlth   +            (no ring)
HPRegen 0.26/turn    (no ring)
MPRegen 0.09/turn

%: no passive effects
@: lethally poisoned (0 -> -12), glowing
A: no striking features
a: no special abilities


You were on level 3 of the Dungeon.
You visited 1 branch of the dungeon, and saw 3 of its levels.

You collected 62 gold pieces.

Inventory:

Hand Weapons
 a - a +0 hand axe (weapon)
 b - a +0 sling
 h - a +1 dagger of speed
Armour
 d - an orb of light (worn)
 p - a +0 robe (worn)
Wands
 n - a wand of digging (5)
Scrolls
 e - a scroll of teleportation {unknown}
 j - 3 scrolls of acquirement {unknown}
 m - 2 scrolls of identify {unknown}
 o - a scroll of fog {unknown}
Potions
 c - a potion of ambrosia
 f - a potion of flight {unknown}
 g - 2 potions of might {unknown}
 i - a potion of haste {unknown}
 k - 2 potions of cancellation {unknown}
 l - 2 potions of lignification {unknown}
 q - a potion of heal wounds {unknown}


   Skills:
 - Level 3.6 Fighting
 * Level 6.6 Axes
 - Level 2.4 Dodging


You had 3 spell levels left.
You didn't know any spells.
Your spell library contained the following spells:

 Spells                   Type           Power      Damage    Failure   Level
 Blink                    Tloc           0%         N/A       50%         2
 Lesser Beckoning         Tloc           0%         N/A       50%         2
 Momentum Strike          Conj/Tloc      0%         3d8       50%         2
 Static Discharge         Conj/Air       0%         2-2/arc   50%         2
 Airstrike                Air            0%         2d(0-16)  98%         4
 Summon Lightning Spire   Summ/Air       0%         N/A       98%         4
 Agony                    Necr           0%         N/A       100%        5
 Fireball                 Conj/Fire      0%         3d3       100%        5


Dungeon Overview and Level Annotations

Branches:
Dungeon (3/15)

Altars:


Message History

You slash the water moccasin!
The water moccasin is moderately wounded.
The water moccasin bites you.
You barely miss the water moccasin.
The water moccasin is moderately wounded.
The water moccasin bites you.
You hit the water moccasin.
The water moccasin is moderately wounded.
The water moccasin misses you. The water moccasin bites you.
You hit the water moccasin.
The water moccasin is heavily wounded.
The water moccasin misses you.
You closely miss the water moccasin.
The water moccasin is heavily wounded.
The water moccasin bites you!
You hit the water moccasin but do no damage.
The water moccasin is heavily wounded.
The water moccasin bites you. x2
You hit the water moccasin but do no damage.
The water moccasin is heavily wounded.
The water moccasin barely misses you.
You hit the water moccasin but do no damage.
The water moccasin is heavily wounded.
The water moccasin barely misses you. The water moccasin closely misses you.
You barely miss the water moccasin.
The water moccasin is heavily wounded.
The water moccasin closely misses you.
You hit the water moccasin.
The water moccasin is heavily wounded.
The water moccasin bites you.
You are lethally poisoned!
The water moccasin poisons you!
You barely miss the water moccasin.
The water moccasin is heavily wounded.
* * * LOW HITPOINT WARNING * * *
You feel very sick. The water moccasin bites you!
* * * LOW HITPOINT WARNING * * *
The water moccasin bites you.
You die...

....)..
.......
.......
####.......
#..........
#.#........
#.#........
#S..###...#
#@..# ..#
#...# ##
#.### #<#
###


You could see a water moccasin.

Vanquished Creatures
  An adder (D:2)
  2 dart slugs (D:2)
  4 endoplasms
  4 giant cockroaches
  8 goblins
  5 hobgoblins (D:2)
  5 jackals (D:1)
  A quokka (D:1)
  6 ball pythons
  3 bats
  4 frilled lizards
  6 kobolds
  4 rats
53 creatures vanquished.

Notes
Turn   | Place    | Note
-------+----------+-------------------------------------------
     0 | D:1      | avis the Hill Orc Monk began the quest for the Orb.
     0 | D:1      | Reached XP level 1. HP: 19/19 MP: 1/1
   151 | D:1      | Reached XP level 2. HP: 13/26 MP: 2/2
   250 | D:1      | You fall into a shaft and drop 1 floor!
   279 | D:2      | Reached skill level 5 in Axes
   309 | D:2      | Got the Encyclopedia of the Sinister Fifth Circle
   369 | D:1      | Reached XP level 3. HP: 24/31 MP: 3/3
   513 | D:1      | Found a faded altar of an unknown god.
   654 | D:1      | Reached skill level 6 in Axes
  1105 | D:2      | Reached XP level 4. HP: 39/39 MP: 4/4
  1634 | D:3      | Noticed a water moccasin
  1650 | D:3      | Slain by a water moccasin

Illustrated notes

Levels and vault maps discovered:
D:1:      evilmike_arrival_plus, layout_loops_ring,
          shapermc_ecumenical_altar_acropolis, chequers_serial_rivers_marsh
D:2:      layout_loops_ring, kennysheep_generic_room_6
D:3:      layout_basic, serial_glass, glass_columns_c, glass_columns_b,
          glass_columns_b, serial_shops, nicolae_shop_peninsula,
          dk_noncrumbling_2, kennysheep_doodads, uniq_ijyb

Skill      XL: |  1  2  3 |
---------------+----------+-----
Axes           | 5 6 |  6.6
Fighting       | |  3.6
Dodging        | |  2.4

Action                     |  1- 3 |  4- 6 || total
---------------------------+-------+-------++-------
  Melee: Hand axe          |   104 |    35 ||   139
 Armour: Robe              |    20 |     4 ||    24
  Dodge: Dodged            |    74 |    18 ||    92
